 Dungeon Crawl Stone Soup version 0.29.1-2-gbd0b4ee654 (webtiles) character file.

Game seed: 813700897975232288

1759 Icepheonix32 the Insei (level 8, -3/59 HPs)
             Began as a Demigod Transmuter on Nov 4, 2022.
             Slain by an orc
             ... wielding a +0 trident
              (6 damage)
             ... on level 7 of the Dungeon.
             The game lasted 00:13:18 (9152 turns).

Icepheonix32 the Insei (Demigod Transmuter)         Turns: 9152, Time: 00:13:21

Health: -3/59      AC:  2    Str: 15    XL:     8   Next: 50%
Magic:  8/17       EV: 23    Int: 18    God:
Gold:   116        SH:  0    Dex: 22    Spells: 2/15 levels left

rFire   . . .      SeeInvis .     - Unarmed
rCold   . . .      Faith    .   (shield currently unavailable)
rNeg    . . .      Spirit   .   (body armour currently unavailable)
rPois   x          Reflect  .   (helmet currently unavailable)
rElec   .          Harm     .   (cloak currently unavailable)
rCorr   .          Rampage  .   (gloves currently unavailable)
Will    .....                   (boots currently unavailable)
Stlth   ++........              (no amulet)
HPRegen 0.19/turn               j - +1 ring of slaying
MPRegen 0.15/turn               (no ring)

@: spider-form, wereblooded
A: venomous fangs, tiny, high MP 1, forlorn, divine attributes, strong 1
a: End Transformation


You were on level 7 of the Dungeon.
You were a venomous arachnid creature.
You visited 1 branch of the dungeon, and saw 7 of its levels.

You collected 200 gold pieces.
You spent 84 gold pieces at shops.

Inventory:

Missiles
 t - a boomerang of dispersal
Armour
 a - a +0 robe (melded)
 b - a scarf of repulsion
 g - a +0 cloak (melded)
 k - a +0 helmet (melded)
 r - a +1 scale mail of poison resistance
 u - a +1 chain mail of cold resistance
Jewellery
 j - a +1 ring of slaying (left front leg)
Scrolls
 c - 2 scrolls of immolation
 e - a scroll of butterflies {unknown}
 f - a scroll of teleportation
 i - 3 scrolls of vulnerability
 n - 3 scrolls of identify
 p - a scroll of magic mapping
 q - a scroll of brand weapon
 s - a scroll of enchant weapon
 v - a scroll of silence {unknown}
 x - a scroll of poison
Potions
 d - a potion of brilliance
 l - 2 potions of mutation
 m - 2 potions of cancellation
 o - a potion of ambrosia
 w - a potion of berserk rage {unknown}


   Skills:
 + Level 1.3 Fighting
 * Level 4.4 Dodging
 + Level 5.7 Unarmed Combat
 + Level 4.0 Spellcasting
 * Level 5.1 Transmutations
 * Level 2.7 Ice Magic
 + Level 3.4 Poison Magic


You had 2 spell levels left.
You knew the following spells:

 Your Spells              Type           Power      Damage    Failure   Level
a - Beastly Appendage     Tmut           44%        N/A       8%          1
b - Spider Form           Tmut/Pois      19%        N/A       21%         3
c - Wereblood             Tmut           22%        N/A       10%         2
d - Ice Form              Ice/Tmut       17%        N/A       50%         4
e - Ozocubu's Armour      Ice            13%        N/A       32%         3

Your spell library contained the following spells:

 Spells                   Type           Power      Damage    Failure   Level
 Summon Small Mammal      Summ           12%        N/A       32%         1
 Call Canine Familiar     Summ           3%         N/A       63%         3
 Summon Guardian Golem    Hex/Summ       3%         N/A       63%         3
 Metabolic Englaciation   Hex/Ice        4%         N/A       98%         5
 Simulacrum               Ice/Necr       4%         N/A       100%        6
 Borgnjor's Revivificati  Necr           1%         N/A       100%        8
 Necromutation            Tmut/Necr      6%         N/A       100%        8
 Death's Door             Necr           1%         N/A       100%        9


Dungeon Overview and Level Annotations

Branches:
Dungeon (7/15)             Temple (0/1) D:5

Shops:
D:3 =

Annotations:
D:1 1 runed translucent door


Innate Abilities, Weirdness & Mutations

You are a venomous arachnid creature.
You have poisonous fangs.
You are tiny and dextrous.
Your spellcasting is less reliable in this form.
Your armour is entirely melded.
You are incapable of wielding weapons or throwing items.
You have an increased reservoir of magic. (+10% MP)
You shall have no god before yourself.
Your divine heritage dramatically boosts your attributes as you level up.
Your muscles are strong. (Str +4, Int/Dex -1)


Message History

Unknown command.
Casting: Wereblood (safe; 3% risk of failure)
Confirm with . or Enter, or press ? or * to list all spells.
Your blood is freshly infused with primal strength!
The orc throws a stone.
The stone misses you.
Unknown command.
Casting: Wereblood (safe; 3% risk of failure)
Confirm with . or Enter, or press ? or * to list all spells.
You turn into a venomous arachnid creature.
Your +0 cloak melds into your body.
Your +0 helmet melds into your body.
Your +0 robe melds into your body.
Unknown command.
The orc throws a stone.
The stone closely misses you.
You hit Dowan.
You feel a bit better.
You kill Dowan!
Duvessa screams in rage.
Duvessa goes berserk!
The orc hits you with a +0 quarterstaff!
Duvessa misses you.
Your Transmutations skill increases to level 5!
You hit Duvessa.
Duvessa looks as sick as possible!
Duvessa is almost dead.
The orc completely misses you. Duvessa closely misses you.
The orc completely misses you.
Unknown command.
You bite Duvessa!
You feel a bit better.
You kill Duvessa!
The orc completely misses you. The orc closely misses you.
The orc barely misses you.
Your Spellcasting skill increases to level 4!
Unknown command.
You hit the ogre but do no damage.
The ogre is poisoned.
The orc misses you. The orc completely misses you.
You bite the ogre!
The ogre is heavily wounded.
The orc barely misses you.
The ogre hits you with a +0 giant club!!
* * * LOW HITPOINT WARNING * * *
The orc hits you from afar with a +0 trident.
You die...

#..#)###.# #..#.##..# #
#..#)#.... ' #..#.).PPP #.
#### #..)...P.. ### #. ####..#
#####.....P...
....#'##.....####...........8.
.....O..)...oO.........#.PP...
##..#...)..o)s..>..........PP.
........########.....)###..P..
#....#### #......# #..... #...
###......#####... #..
########................ #.
.........#...<..######## #
#################


You could see an ogre (very poisoned) and 2 orcs.

Vanquished Creatures
  Sigmund (D:3)
  A shadow (D:5)
  Duvessa (D:7)
  2 sky beasts (D:7)
  A centaur (D:6)
  2 bullfrogs (D:6)
  3 wights (D:7)
  3 scorpions
  Dowan (D:7)
  A howler monkey (D:7)
  2 hounds
  2 jellies
  Natasha (D:2)
  5 iguanas
  3 orc wizards
  6 adders
  A white imp (D:6)
  2 ufetubi (D:4)
  A worm (D:3)
  12 orcs
  3 ball pythons
  5 endoplasms
  3 giant cockroaches
  7 goblins
  4 hobgoblins
  9 jackals
  3 quokkas
  7 bats
  6 frilled lizards
  12 kobolds
  4 rats
114 creatures vanquished.

Vanquished Creatures (others)
  An orc wizard (D:7)
  6 fungi (D:7)
  2 plants (D:7)
9 creatures vanquished.

Grand Total: 123 creatures vanquished

Notes
Turn   | Place    | Note
-------+----------+-------------------------------------------
     0 | D:1      | Icepheonix32 the Demigod Transmuter began the quest for the
                  | Orb.
     0 | D:1      | Reached XP level 1. HP: 15/15 MP: 5/5
     0 | D:1      | Noticed a jelly
     1 | D:1      | Found a runed translucent door.
   668 | D:1      | Reached XP level 2. HP: 19/22 MP: 5/7
  1810 | D:2      | Noticed a scorpion
  1811 | D:2      | Noticed a black bear
  2063 | D:2      | Reached XP level 3. HP: 23/26 MP: 8/8
  2067 | D:2      | Learned a level 3 spell: Spider Form
  2070 | D:2      | Learned a level 2 spell: Wereblood
  2338 | D:2      | Noticed Natasha
  2357 | D:2      | Killed Natasha
  3133 | D:2      | Reached XP level 4. HP: 28/34 MP: 10/10
  3424 | D:3      | Noticed Sigmund
  3590 | D:3      | Killed Sigmund
  3591 | D:3      | Reached skill level 1 in Fighting
  3591 | D:3      | Reached skill level 1 in Poison Magic
  3591 | D:3      | Reached XP level 5. HP: 18/40 MP: 8/12
  3781 | D:3      | Noticed a shining eye
  3789 | D:3      | Noticed a floating eye
  3789 | D:3      | Noticed a floating eye
  3789 | D:3      | Noticed an eye of devastation
  3864 | D:3      | Found Hykh's One-of-a-Kind Rings.
  3873 | D:3      | Bought a +1 ring of slaying for 84 gold pieces
  4437 | D:3      | Reached XP level 6. HP: 18/47 MP: 13/13
  4766 | D:3      | Learned a level 4 spell: Ice Form
  5616 | D:5      | Entered Level 5 of the Dungeon
  5769 | D:5      | Found a staircase to the Ecumenical Temple.
  5781 | D:5      | Reached skill level 1 in Ice Magic
  6140 | D:5      | Reached XP level 7. HP: 32/52 MP: 12/14
  6600 | D:5      | Noticed a shadow
  6605 | D:5      | Gained mutation: Your muscles are strong. (Str +4, Int/Dex
                  | -1) [potion of mutation]
  6607 | D:5      | Killed a shadow
  7264 | D:6      | Reached skill level 5 in Unarmed Combat
  7627 | D:6      | Learned a level 3 spell: Ozocubu's Armour
  8231 | D:7      | Reached XP level 8. HP: 46/59 MP: 13/16
  9123 | D:7      | Noticed Dowan
  9130 | D:7      | Noticed Duvessa
  9148 | D:7      | Killed Dowan
  9149 | D:7      | Reached skill level 5 in Transmutations
  9150 | D:7      | Killed Duvessa
  9152 | D:7      | Slain by an orc

Illustrated notes

Levels and vault maps discovered:
D:1:      dpeg_arrival_caged_fury, layout_basic
D:2:      layout_loops_ring, lightli_corner_chamber, uniq_natasha
D:3:      layout_basic, nicolae_overflow_hidden_temple,
          hellmonk_ecumenical_altar_watching_god, nicolae_shop_unique_rings,
          amcnicky_mini_corridor_feature, uniq_sigmund
D:4:      layout_cave_pools
D:5:      layout_basic, vehumet_crystals, minmay_temple_entry_crystal_x
D:6:      layout_loops_ring, minitemple
D:7:      corexii_shantytown, layout_rooms,
          grunt_temple_overflow_order_and_chaos_2, dreamdust_mushroom_princess,
          uniq_duvessa

Skill      XL: |  1  2  3  4  5  6  7  8 |
---------------+-------------------------+-----
Unarmed Combat | 3 4 5 |  5.7
Transmutations | 2 3 4 5 |  5.1
Spellcasting   | 2 3 4 |  4.0
Dodging        | 2 3 4 |  4.4
Fighting       | 1 |  1.3
Poison Magic   | 1 2 3 |  3.4
Ice Magic      | 1 2 |  2.7

Action                   |  1- 3 |  4- 6 |  7- 9 || total
-------------------------+-------+-------+-------++-------
Melee: Unarmed           |   135 |   109 |   146 ||   390
       Kick              |    19 |    12 |     1 ||    32
       Headbutt          |    13 |     5 |     1 ||    19
       Punch             |     3 |     1 |       ||     4
 Cast: Beastly Appendage |    29 |    10 |     1 ||    40
       Spider Form       |     1 |    14 |    19 ||    34
       Ice Form          |       |     2 |     1 ||     3
       Wereblood         |       |       |     5 ||     5
  Use: Scroll            |     3 |       |    12 ||    15
       Potion            |     3 |     3 |     2 ||     8
 Stab: Sleeping          |       |     2 |       ||     2
Armor: Robe              |    18 |    18 |     4 ||    40
       Skin              |    11 |     4 |     9 ||    24
Dodge: Dodged            |    89 |    82 |   152 ||   323
